 Dungeon Crawl Stone Soup version 0.29.0-11-gd7f09526c8 (webtiles) character file.

Game seed: 13481154666804749254

2219 night the Stinger (level 9, -8/93 HPs)
             Began as a Black Draconian Venom Mage on Sept 5, 2022.
             Was a Priest of Ashenzari.
             Killed from afar by a gargoyle (17 damage)
             ... with a stone arrow
             ... on level 6 of the Dungeon.
             The game lasted 00:19:57 (7552 turns).

night the Stinger (Black Draconian Venom Mage)      Turns: 7552, Time: 00:19:57

Health: -8/93      AC: 11    Str: 11    XL:     9   Next: 13%
Magic:  14/19      EV: 12    Int: 20    God:    Ashenzari [***...]
Gold:   197        SH:  0    Dex: 11    Spells: 11/21 levels left

rFire   . . .      SeeInvis +   c - +2 dagger (elec)
rCold   . . .      Faith    .   (no shield)
rNeg    . . .      Spirit   .   (body armour unavailable)
rPois   .          Reflect  .   (helmet restricted)
rElec   +          Harm     .   o - +1 cloak of the Ensconced Augurer {Will+, Fort, Bglg} (curse)
rCorr   .          Rampage  .   g - +0 pair of gloves of the Ruined Sorrow {Melee, Alch} (curse)
Will    +....      Clarity  +   h - +0 pair of boots of Ashenzari's Sun {Evo, Melee} (curse)
Stlth   ..........              u - amulet "Clairvoyant Failure" {Regen+, Bglg, Elem} (curse)
HPRegen 1.05/turn               (no ring)
MPRegen 0.16/turn               (no ring)

@: berserking, short of breath, very quick
A: breathe lightning, AC +7, unfitting armour, electricity resistance,
cold-blooded
a: Breathe Lightning, Renounce Religion, Shatter the Chains


You were on level 6 of the Dungeon.
You worshipped Ashenzari.
Ashenzari was most pleased with you.
You visited 1 branch of the dungeon, and saw 6 of its levels.

You collected 233 gold pieces.
You spent 36 gold pieces at shops.

Inventory:

Hand Weapons
 c - a +2 dagger of electrocution (weapon)
 l - a +0 war axe
Missiles
 e - 17 poisoned darts
 j - 55 stones
 m - 3 boomerangs of dispersal
 v - 6 boomerangs
Armour
 g - the cursed +0 pair of gloves of the Ruined Sorrow (worn) {Melee, Alch}
   (You found it on level 1 of the Dungeon)

   It has a curse which improves the following skills: Melee Combat: Short
   Blades, Long Blades, Axes, Maces & Flails, Polearms, Staves and Unarmed
   Combat.
   Alchemy:   Poison Magic and Transmutations.
 h - the cursed +0 pair of boots of Ashenzari's Sun (worn) {Evo, Melee}
   (You found it on level 1 of the Dungeon)

   It has a curse which improves the following skills: Evocations: Evocations.
   Melee Combat: Short Blades, Long Blades, Axes, Maces & Flails, Polearms,
   Staves and Unarmed Combat.
 o - the cursed +1 cloak of the Ensconced Augurer (worn) {Will+, Fort, Bglg}
   (You took it off Crazy Yiuf on level 3 of the Dungeon)

   It has a curse which improves the following skills: Fortitude: Shields.
   Beguiling: Conjurations, Hexes and Translocations.
Jewellery
 u - the cursed amulet "Clairvoyant Failure" (around neck) {Regen+, Bglg, Elem}
   (You found it on level 5 of the Dungeon)

   [amulet of regeneration]

   Regen:     It increases your rate of health regeneration.
   It has a curse which improves the following skills: Beguiling: Conjurations,
   Hexes and Translocations.
   Elements:  Fire Magic, Ice Magic, Air Magic and Earth Magic.
 x - a ring of poison resistance
Wands
 k - a wand of polymorph (7)
Scrolls
 d - a scroll of noise
 n - 3 scrolls of brand weapon
 q - 3 scrolls of amnesia
 t - a scroll of poison
 y - a scroll of teleportation
Potions
 a - a potion of magic
 f - 3 potions of heal wounds
 i - 3 potions of curing
 p - a potion of invisibility
 r - a potion of berserk rage
 s - a potion of cancellation
 w - a potion of flight


   Skills:
 - Level 1.7 Dodging
 - Level 1.7 Stealth
 + Level 6.8 Spellcasting
 + Level 6.6(9.1) Conjurations
 - Level 1.0(2.0) Transmutations
 + Level 7.7(9.4) Poison Magic


You had 11 spell levels left.
You knew the following spells:

 Your Spells              Type           Power      Damage    Failure   Level
a - Sting                 Tmut/Pois      100%       1d8       1%          1
b - Poisonous Vapours     Pois/Air       52%        N/A       1%          2
c - Mephitic Cloud        Conj/Pois/Air  31%        N/A       2%          3
d - Olgreb's Toxic Radia  Pois           44%        N/A       1%          4

Your spell library contained the following spells:

 Spells                   Type           Power      Damage    Failure   Level
 Dazzling Flash           Conj/Hex       50%        N/A       4%          3
 Necrotise                Necr           24%        1d5       10%         1
 Frozen Ramparts          Ice            14%        1d3       26%         3
 Summon Guardian Golem    Hex/Summ       7%         N/A       26%         3
 Vampiric Draining        Necr           6%         2d6       28%         3
 Ice Form                 Ice/Tmut       11%        N/A       52%         4
 Summon Ice Beast         Ice/Summ       7%         N/A       67%         4
 Blade Hands              Tmut           7%         N/A       75%         5
 Orb of Destruction       Conj           21%        9d8       88%         7
 Iron Shot                Conj/Erth      12%        9d3       91%         6
 Silence                  Hex/Air        3%         N/A       94%         5
 Agony                    Necr           6%         N/A       95%         5
 Spellforged Servitor     Conj/Summ      12%        N/A       100%        7
 Animate Armour           Summ/Erth      Unusable   N/A       N/A         4

Dungeon Overview and Level Annotations

Branches:
Dungeon (6/15)
 Temple: D:4-7

Altars:
Ashenzari
Okawaru

Shops:
D:3 [   D:6 ?

Annotations:
D:2 Grinder


Innate Abilities, Weirdness & Mutations

You can breathe wild blasts of lightning.
Your glossy black scales are hard. (AC +7)
You cannot fit into any form of body armour.
You are resistant to electric shocks. (rElec)
You are cold-blooded and may be slowed by cold attacks.


Message History

You hit the gargoyle but do no damage.
You tail-slap the gargoyle, but do no damage.
The gargoyle is heavily damaged.
The gargoyle barely misses you.
You hit the gargoyle but do no damage.
The gargoyle is heavily damaged.
The gargoyle hurls a stone arrow at you.
The stone arrow misses you.
You hit the gargoyle but do no damage.
The gargoyle is heavily damaged.
The gargoyle hits you with a +0 dire flail!
* * * LOW HITPOINT WARNING * * *
Aiming: Polymorph
Press: ? - help, Shift-Dir - straight line, f - gargoyle
Aim: a gargoyle, wielding a +0 dire flail (heavily damaged, not susceptible)
Okay, then.
Okay, then.
A red film seems to cover your vision as you go berserk!
You feel yourself moving faster!
You feel mighty! The gargoyle closely misses you.
You hit the gargoyle but do no damage.
The gargoyle is heavily damaged.
The gargoyle hits you with a +0 dire flail.
* * * LOW HITPOINT WARNING * * *
You puncture the gargoyle!
The gargoyle is almost destroyed.
The gargoyle hurls a stone arrow at you.
The stone arrow misses you.
You hit the gargoyle but do no damage.
The gargoyle is almost destroyed.
You hit the gargoyle.
The gargoyle is almost destroyed.
The gargoyle hurls a stone arrow at you.
The stone arrow hits you!
* * * LOW HITPOINT WARNING * * *
You hit the gargoyle.
The gargoyle is almost destroyed.
The gargoyle hurls a stone arrow at you.
The stone arrow hits you!
You die...

#.#.......#
#,###...#.##
, ......#..#
* ########.#
* ##.##
##.#.#
#.#.## ##.##
#@## *
*#9###*
,##r{# * , *
#r#.#*, #r#
#** * ,.r.*
*, * ..# **,
*** #..# , *
, .##. ,


You could see a gargoyle, 2 river rats and 2 rats.

Vanquished Creatures
  Menkaure (D:6)
  A water moccasin (D:6)
  2 ice beasts
  5 ogres
  A kobold brigand (D:6)
  A bullfrog (D:6)
  2 necrophages (D:5)
  3 scorpions
  2 gnoll boudas (D:6)
  3 hounds (D:6)
  Crazy Yiuf (D:3)
  6 orc priests
  Terence (D:3)
  3 iguanas
  7 orc wizards
  Robin (D:3)
  8 gnolls
  2 river rats (D:6)
  4 adders
  An ufetubus (D:4)
  8 dart slugs
  3 worms
  31 orcs
  4 bats (D:3)
  9 endoplasms
  7 giant cockroaches
  15 goblins
  10 hobgoblins
  9 jackals
  6 quokkas
  7 ball pythons
  A frilled lizard (D:1)
  15 kobolds
  9 rats
189 creatures vanquished.

Vanquished Creatures (others)
  14 plants (D:4)
14 creatures vanquished.

Grand Total: 203 creatures vanquished

Notes
Turn   | Place    | Note
-------+----------+-------------------------------------------
     0 | D:1      | night the Draconian Venom Mage began the quest for the Orb.
     0 | D:1      | Reached XP level 1. HP: 14/14 MP: 3/3
    62 | D:1      | Reached XP level 2. HP: 12/20 MP: 0/5
    65 | D:1      | Learned a level 2 spell: Poisonous Vapours
   811 | D:1      | Reached XP level 3. HP: 26/26 MP: 4/7
   815 | D:1      | Learned a level 3 spell: Mephitic Cloud
   960 | D:1      | Found a faded altar of an unknown god.
  1011 | D:1      | Prayed at the altar of an unknown god.
  1011 | D:1      | Became a worshipper of Ashenzari the Shackled
  1799 | D:2      | Reached skill level 1 in Conjurations
  2014 | D:2      | Reached * piety under Ashenzari
  2312 | D:3      | Noticed Grinder
  2313 | D:3      | Paralysed by Grinder for 2 turns
  2338 | D:3      | Reached XP level 4. HP: 33/33 MP: 2/8
  2338 | D:3      | Paralysed by Grinder for 3 turns
  2502 | D:3      | Noticed Robin
  2518 | D:3      | Killed Robin
  2519 | D:3      | Reached skill level 4 in Poison Magic
  3047 | D:3      | Noticed an ice beast
  3062 | D:3      | HP: 1/33 [ice beast (14)]
  3072 | D:3      | Killed an ice beast
  3073 | D:3      | Reached skill level 2 in Conjurations
  3073 | D:3      | Reached XP level 5. HP: 38/38 MP: 2/10
  3256 | D:3      | Paralysed by Grinder for 2 turns
  3263 | D:3      | Noticed Grinder
  3263 | D:3      | Grinder changed into Grinder the chaos spawn
  3287 | D:3      | HP: 5/38 [Grinder the chaos spawn (8)]
  3310 | D:3      | HP: 5/38 [frozen (2)]
  3590 | D:2      | HP: 3/38 [Grinder the chaos spawn (12)]
  3822 | D:3      | Noticed Terence
  3889 | D:3      | Found Sokhlyliu's Antique Armour Shoppe.
  3901 | D:3      | Killed Terence
  4256 | D:3      | Found a runed translucent door.
  4257 | D:3      | Noticed Crazy Yiuf
  4273 | D:3      | Killed Crazy Yiuf
  4274 | D:3      | Reached XP level 6. HP: 13/45 MP: 4/11
  4550 | D:4      | Learned a level 4 spell: Olgreb's Toxic Radiance
  4573 | D:4      | Reached skill level 5 in Poison Magic
  4836 | D:4      | Found an iron altar of Okawaru.
  4995 | D:4      | Your scales start taking on a glossy black colour.
  4995 | D:4      | Reached XP level 7. HP: 43/50 MP: 3/13
  4995 | D:4      | Gained mutation: You are resistant to electric shocks.
                  | (rElec) [Black Draconian growth]
  5366 | D:4      | Reached ** piety under Ashenzari
  5445 | D:5      | Entered Level 5 of the Dungeon
  5702 | D:5      | Reached skill level 5 in Spellcasting
  5702 | D:5      | Reached skill level 6 in Poison Magic
  5702 | D:5      | HP: 5/50 [bounced beam (11)]
  6157 | D:5      | Reached skill level 5 in Conjurations
  6157 | D:5      | Reached XP level 8. HP: 57/57 MP: 10/16
  6479 | D:5      | Reached *** piety under Ashenzari
  6947 | D:6      | Found Ceobuhuxka's Magic Scroll Boutique.
  6957 | D:6      | Reached skill level 7 in Poison Magic
  7050 | D:6      | Bought a scroll of teleportation for 36 gold pieces
  7376 | D:6      | Noticed Menkaure
  7387 | D:6      | Killed Menkaure
  7475 | D:6      | Reached XP level 9. HP: 39/62 MP: 12/18
  7501 | D:6      | Noticed a gargoyle
  7551 | D:6      | HP: 8/93 [gargoyle/stone arrow (17)]
  7552 | D:6      | Killed from afar by a gargoyle

Illustrated notes

Levels and vault maps discovered:
D:1:      ncdulo_halloftheorcs, layout_loops_ring,
          hellmonk_ecumenical_altar_dog_temple, chequers_serial_rivers_large_a,
          minmay_crystal_water
D:2:      layout_basic
D:3:      layout_loops_ring, serial_shops, shop, uniq_robin, uniq_grinder,
          uniq_terence, uniq_crazy_yiuf_cottage
D:4:      layout_rooms, okawaru_altar_gauntlet_db, serial_bayou_lagoon_a
D:5:      layout_loops_corners
D:6:      lemuel_ratsnest, layout_loops_ring,
          yredelemnul_forgotten_temple_becter, makhleb_grotto_becter,
          grunt_temple_overflow_diamond, minivault_22, nicolae_stop_n_shop_1,
          uniq_pikel, uniq_menkaure

Skill      XL: |  1  2  3  4  5  6  7  8 |
---------------+-------------------------+-----
Spellcasting   | 3 4 5 6 |  6.8
Conjurations   | 1 2 3 5 6 |  6.6
Poison Magic   | 4 5 6 7 |  7.7
Dodging        | |  1.7
Stealth        | |  1.7
Transmutations | |  1.0

Action                   |  1- 3 |  4- 6 |  7- 9 || total
-------------------------+-------+-------+-------++-------
Melee: Unarmed           |    67 |    65 |       ||   132
       Tailslap          |    10 |    16 |    14 ||    40
       War axe           |       |    31 |       ||    31
       Punch             |       |     2 |     5 ||     7
       Dagger            |       |    41 |   144 ||   185
 Cast: Sting             |    66 |    51 |    14 ||   131
       Poisonous Vapours |     5 |    27 |    18 ||    50
       Olgreb's Toxic Ra |       |     5 |    15 ||    20
       Mephitic Cloud    |       |       |     3 ||     3
Invok: Curse Item        |     2 |       |     2 ||     4
 Abil: Breathe Lightning |       |       |     6 ||     6
Evoke: Wand              |       |     1 |       ||     1
  Use: Scroll            |     2 |     1 |       ||     3
       Potion            |       |     3 |     2 ||     5
 Stab: Sleeping          |     1 |       |     4 ||     5
Armor: Skin              |    19 |    58 |    46 ||   123
Dodge: Dodged            |    53 |   102 |   112 ||   267
